 Dungeon Crawl Stone Soup version 0.27-a0-404-g4390dbc5be (webtiles) character file.

Game seed: 5049715308596152334

58 CryoSword the Ducker (level 4, -3/32 HPs)
             Began as a Gnoll Wanderer on Feb 22, 2021.
             Slain by a gnoll
             ... wielding a +0 spear
              (8 damage)
             ... on level 2 of the Dungeon.
             The game lasted 00:03:17 (2075 turns).

CryoSword the Ducker (Gnoll Wanderer)               Turns: 2075, Time: 00:03:18

Health: -3/32      AC:  2    Str: 12    XL:     4   Next: 2%
Magic:  11/11      EV: 14    Int: 12    God:
Gold:   38         SH:  0    Dex: 11    Spells: 11/13 levels left

rFire    . . .     SeeInvis .   a - +0 quarterstaff
rCold    . . .     Faith    .   (shield currently unavailable)
rNeg     . . .     Spirit   .   d - +0 robe
rPois    .         Reflect  .   (no helmet)
rElec    .         Harm     .   (no cloak)
rCorr    .         Rampage  .   (no gloves)
Will     .....                  (no boots)
Stlth    ++........             (no amulet)
HPRegen  0.10/turn              (no ring)
MPRegen  0.12/turn              (no ring)

@: no status effects
A: distributed training, fangs 1, strong nose
a: no special abilities


You were on level 2 of the Dungeon.
You visited 1 branch of the dungeon, and saw 2 of its levels.

You collected 38 gold pieces.

Inventory:

Hand Weapons
 a - a +0 quarterstaff (weapon)
Armour
 d - a +0 robe (worn)
Scrolls
 b - 2 scrolls of identify {unknown}
 e - 2 scrolls of blinking {unknown}
 h - a scroll of fog {unknown}
 l - a scroll of enchant weapon {unknown}
Potions
 c - a potion of brilliance {unknown}
 f - a potion of heal wounds {unknown}
 g - a potion of degeneration {unknown}
 i - a potion of magic {unknown}
 j - a potion of might {unknown}
 k - a potion of attraction {unknown}
 m - a potion of mutation {unknown}
 n - a potion of curing {unknown}


   Skills:
 + Level 1.0 Fighting
 + Level 1.0 Short Blades
 + Level 1.0 Long Blades
 + Level 1.0 Axes
 + Level 1.0 Maces & Flails
 + Level 2.7 Polearms
 + Level 1.0 Staves
 + Level 1.0 Slings
 + Level 1.0 Bows
 + Level 1.0 Crossbows
 + Level 1.0 Throwing
 + Level 1.0 Armour
 + Level 6.5 Dodging
 + Level 2.5 Stealth
 + Level 2.7 Shields
 + Level 1.0 Unarmed Combat
 + Level 5.0 Spellcasting
 + Level 0.7 Conjurations
 + Level 0.7 Hexes
 + Level 0.7 Summonings
 + Level 2.2 Necromancy
 + Level 0.7 Translocations
 + Level 0.7 Transmutations
 + Level 0.7 Fire Magic
 + Level 0.7 Ice Magic
 + Level 0.7 Air Magic
 + Level 0.7 Earth Magic
 + Level 0.7 Poison Magic
 + Level 1.1 Invocations
 + Level 2.7 Evocations


You had 11 spell levels left.
You knew the following spells:

 Your Spells              Type           Power        Failure   Level
b - Pain                  Necr           32%          9%          1
y - Animate Skeleton      Necr           16%          9%          1

Your spell library contained the following spells:

 Spells                   Type           Power        Failure   Level
 Sublimation of Blood     Necr           4%           12%         2
 Corpse Rot               Necr/Air       N/A          17%         2
 Vampiric Draining        Necr           4%           24%         3
 Animate Dead             Necr           4%           63%         4
 Agony                    Necr           8%           92%         5


Dungeon Overview and Level Annotations

Branches:
Dungeon (2/15)

Altars:

Annotations:
D:2 Jessica


Innate Abilities, Weirdness & Mutations

Your experience applies equally to all skills.
You have very sharp teeth.
Your uncanny sense of smell can sniff out nearby items.


Message History

Before your eyes, flesh is ripped from the corpse!
The dead are walking!
j - a bubbling purple potion
k - a ruby potion
l - a scroll labelled HANIH DOBREKO Your goblin skeleton crumbles into dust!
You now have 38 gold pieces (gained 10).
A kobold comes into view.
The kobold shouts!
The kobold throws a stone.
The stone hits you but does no damage.
You hit the kobold.
You kill the kobold!
No target in view!
No target in view!
Things that are here:
3 stones; a kobold corpse
Things that are here:
3 stones; a kobold corpse You see here a +0 dagger.
m - an inky potion Done exploring.
Done exploring.
There is a stone staircase leading down here.
You climb downwards.
There is a stone staircase leading up here.
You open the door.
There is an open door here.
Found a ring mail.
e - 2 scrolls labelled HUAPPO WABEESS (gained 1)
A giant cockroach comes into view.
You see here a ring mail.
The helpless giant cockroach fails to defend itself.
You hit the giant cockroach.
You kill the giant cockroach!
No target in view!
No target in view!
A goblin comes into view.
You see here a giant cockroach corpse.
A goblin is nearby!
The helpless goblin fails to defend itself.
You hit the goblin.
You kill the goblin!
No target in view!
Could not explore, unopened door.
Could not explore, unopened door.
You open the door.
There is an open door here.
Could not explore, unopened door.
Could not explore, unopened door.
You open the door.
There is an open door here.
An adder comes into view.
The adder hisses angrily.
An adder is nearby!
Unknown command.
Aim: an adder (chance to affect: 66%)
The adder writhes in agony.
Aim: an adder (moderately wounded, chance to affect: 66%)
The adder struggles to resist.
The adder barely misses you.
Aim: an adder (moderately wounded, chance to affect: 66%)
The adder writhes in agony.
The adder closely misses you.
Aim: an adder (severely wounded, chance to affect: 66%)
You miscast Pain.
You are very lightly contaminated with residual magic.
Nothing appears to happen.
The adder closely misses you.
Aim: an adder (severely wounded, chance to affect: 66%)
The adder writhes in agony.
The adder bites you.
You are poisoned.
The adder poisons you! The adder misses you.
Unknown command.
Aim: an adder (almost dead, chance to affect: 66%)
The adder writhes in agony.
You kill the adder!
You feel sick.
Your Fighting skill increases to level 1!
Your Short Blades skill increases to level 1!
Your Long Blades skill increases to level 1!
Your Axes skill increases to level 1!
Your Maces & Flails skill increases to level 1!
Your Staves skill increases to level 1!
Your Slings skill increases to level 1!
Your Bows skill increases to level 1!
Your Crossbows skill increases to level 1!
Your Throwing skill increases to level 1!
Your Armour skill increases to level 1!
Your Unarmed Combat skill increases to level 1!
You start resting.
You feel sick.
Your magical contamination has completely faded away.
You start resting.
You feel sick. x3
You are no longer poisoned.
You start resting.
You start resting.
Found 21 bolts.
A bat and a goblin come into view.
The goblin shouts!
There are monsters nearby!
The helpless bat fails to defend itself.
You sock the bat!
You kill the bat!
No target in view!
No target in view!
Found 9 gold pieces.
You see here a bat corpse.
A goblin is nearby! 2 gnolls come into view.
The gnoll shouts! x2
The goblin closely misses you.
Jessica the Apprentice Sorceress comes into view.
The goblin barely misses you.
A gnoll comes into view. It is wielding a +0 spear.
A giant cockroach comes into view.
The goblin misses you.
Aim: a goblin (chance to affect: 73%)
The goblin struggles to resist.
The goblin hits you but does no damage.
You closely miss the goblin. Your bite misses the goblin.
The goblin closely misses you.
Found a sedimented dark potion.
You see here a sedimented dark potion.
n - a sedimented dark potion The goblin barely misses you.
You thump the goblin!
You kill the goblin!
The gnoll completely misses you.
You have reached level 4!
You feel agile.
You hit the gnoll. You bite the gnoll, but do no damage.
The gnoll hits you from afar with a +0 spear!
The gnoll hits you with a +0 flail!
* * * LOW HITPOINT WARNING * * *
A rat comes into view.
The rat bites you.
* * * LOW HITPOINT WARNING * * *
You closely miss the rat. The rat barely misses you.
The gnoll barely misses you. The rat bites you.
* * * LOW HITPOINT WARNING * * *
You hit the rat.
You kill the rat!
The gnoll hits you but does no damage. The gnoll closely misses you.
The gnoll barely misses you.
You see here a rat corpse.
Found a dark potion.
You see here a dark potion.
A bat comes into view.
The helpless bat fails to defend itself.
You sock the bat!
You kill the bat!
The gnoll hits you with a +0 flail!
* * * LOW HITPOINT WARNING * * *
The gnoll hits you from afar with a +0 spear!
You die...

#...g...#
##...
#.#######
#...
#.#######
####
#...g...#
#######.#
### #.#
#.. #.#
#.# #†#
#†# #.#
#@#
#.####g#
#..!.g.#
########


You could see 2 gnolls.

Vanquished Creatures
  An adder (D:2)
  An ooze (D:1)
  2 dart slugs (D:1)
  4 leopard geckos (D:1)
  A giant cockroach (D:2)
  4 hobgoblins (D:1)
  5 kobolds (D:1)
  6 bats
  4 frilled lizards (D:1)
  6 goblins
  5 rats
39 creatures vanquished.

Notes
Turn   | Place    | Note
-------+----------+-------------------------------------------
     0 | D:1      | CryoSword the Gnoll Wanderer began the quest for the Orb.
     0 | D:1      | CryoSword set off with the following items: a +0
                  | quarterstaff, a +0 robe; and the following spells available
                  | to memorise: Animate Skeleton, Pain, Sublimation of Blood,
                  | Corpse Rot, Vampiric Draining, Animate Dead, Agony
     0 | D:1      | Reached XP level 1. HP: 13/13 MP: 6/6
     9 | D:1      | Learned a level 1 spell: Animate Skeleton
    11 | D:1      | Learned a level 1 spell: Pain
   242 | D:1      | Reached XP level 2. HP: 5/19 MP: 7/7
  1165 | D:1      | Reached XP level 3. HP: 25/25 MP: 9/9
  1189 | D:1      | Reached skill level 5 in Spellcasting
  1487 | D:1      | Reached skill level 1 in Invocations
  1842 | D:2      | Reached skill level 1 in Fighting
  1842 | D:2      | Reached skill level 1 in Short Blades
  1842 | D:2      | Reached skill level 1 in Long Blades
  1842 | D:2      | Reached skill level 1 in Axes
  1842 | D:2      | Reached skill level 1 in Maces & Flails
  1842 | D:2      | Reached skill level 1 in Staves
  1842 | D:2      | Reached skill level 1 in Slings
  1842 | D:2      | Reached skill level 1 in Bows
  1842 | D:2      | Reached skill level 1 in Crossbows
  1842 | D:2      | Reached skill level 1 in Throwing
  1842 | D:2      | Reached skill level 1 in Armour
  1842 | D:2      | Reached skill level 1 in Unarmed Combat
  2024 | D:2      | Noticed Jessica
  2045 | D:2      | Reached XP level 4. HP: 32/32 MP: 11/11
  2075 | D:2      | Slain by a gnoll

Illustrated notes

Levels and vault maps discovered:
D:1:      ncdulo_smallfort, layout_basic, amcnicky_mini_pool_small,
          minmay_quantized
D:2:      layout_basic, uniq_jessica

Skill      XL: |  1  2  3 |
---------------+----------+-----
Necromancy     | 2 |  2.2
Spellcasting   | 5 |  5.0
Invocations    | 1 |  1.1
Fighting       | 1 |  1.0
Short Blades   | 1 |  1.0
Long Blades    | 1 |  1.0
Axes           | 1 |  1.0
Maces & Flails | 1 |  1.0
Staves         | 1 |  1.0
Slings         | 1 |  1.0
Bows           | 1 |  1.0
Crossbows      | 1 |  1.0
Throwing       | 1 |  1.0
Armour         | 1 |  1.0
Unarmed Combat | 1 |  1.0
Polearms       | |  2.7
Dodging        | |  6.5
Stealth        | |  2.5
Shields        | |  2.7
Conjurations   | |  0.7
Hexes          | |  0.7
Summonings     | |  0.7
Translocations | |  0.7
Transmutations | |  0.7
Fire Magic     | |  0.7
Ice Magic      | |  0.7
Air Magic      | |  0.7
Earth Magic    | |  0.7
Poison Magic   | |  0.7
Evocations     | |  2.7

Action                   |  1- 3 |  4- 6 || total
-------------------------+-------+-------++-------
Melee: Quarterstaff      |    87 |     4 ||    91
       Bite              |     6 |     1 ||     7
 Cast: Pain              |     6 |       ||     6
       Animate Skeleton  |     4 |       ||     4
 Stab: Sleeping          |     6 |     1 ||     7
Armor: Robe              |    12 |       ||    12
Dodge: Dodged            |    64 |     4 ||    68

Table legend: (Time is in decaauts)
 A = Elapsed time spent in this place.
 B = Non-inter-level travel time spent in this place.
 C = Inter-level travel time spent in this place.
 D = Time resting spent in this place.
 E = Time spent auto-exploring this place.
 F = Levels seen in this place.
 G = Mean time per level.
                   A        B        C        D        E       F      G
               +--------+--------+--------+--------+--------+-----+--------+
         Total |   2120 |   2108 |     12 |    794 |    928 |   2 | 1060.0 |
       Dungeon |   2120 |   2108 |     12 |    794 |    928 |   2 | 1060.0 |
               +--------+--------+--------+--------+--------+-----+--------+

Top non-repeatable levels by time:
     D:1: 1807 daAuts
     D:2: 312 daAuts
